 Dungeon Crawl Stone Soup version 0.19.5 (webtiles) character file.

94 Chifra the Ducker (level 4, -12/35 HPs)
             Began as a Demonspawn Gladiator on Apr 22, 2017.
             Mangled by a gnoll
             ... wielding a cursed +0 halberd
              (15 damage)
             ... on level 3 of the Dungeon.
             The game lasted 00:06:47 (2584 turns).

Chifra the Ducker (Demonspawn Gladiator)            Turns: 2584, Time: 00:06:47

Health: -12/35     AC:  4    Str: 15    XL:     4   Next: 38%
Magic:  4/4        EV: 13    Int: 11    God:
Gold:   87         SH:  0    Dex: 13    Spells: 0 memorised, 3 levels left

rFire  . . .     SeeInvis .     a - +0 rapier
rCold  . . .     Gourm    .     b - +0 leather armour
rNeg   . . .     Faith    .     (no shield)
rPois  .         Spirit   .     c - +0 helmet
rElec  .         Reflect  .     (no cloak)
rCorr  .         Harm     .     (no gloves)
MR     .....                    (no boots)
Stlth  +.........               (no amulet)
                                (no ring)
                                (no ring)

@: no status effects
A: talons 1, powered by pain 1
a: no special abilities


You were on level 3 of the Dungeon.
You were not hungry.

You visited 1 branch of the dungeon, and saw 3 of its levels.

You collected 87 gold pieces.

Inventory:

Hand Weapons
 a - a +0 rapier (weapon)
Missiles
 d - 3 throwing nets (quivered)
Armour
 b - a +0 leather armour (worn)
 c - a +0 helmet (worn)
 l - a +0 ring mail
Scrolls
 g - 2 scrolls of enchant weapon {unknown}
 j - a scroll of noise {unknown}
 m - a scroll of identify {unknown}
 n - a scroll of amnesia {unknown}
Potions
 e - 2 potions of heal wounds {unknown}
 h - a potion of cancellation {unknown}
 k - 2 potions of berserk rage {unknown}
 o - a potion of mutation {unknown}
 p - a potion of curing {unknown}
Comestibles
 f - a bread ration
 i - 2 chunks of flesh


   Skills:
 + Level 3.0 Fighting
 + Level 3.4 Short Blades
 - Level 1.7 Throwing
 + Level 3.6 Dodging


You had 3 spell levels left.
You didn't know any spells.

Dungeon Overview and Level Annotations

Branches:
Dungeon (3/15)

Altars:
Dithmenos
Elyvilon
Hepliaklqana
Ru

Annotations:
D:2 Robin


Innate Abilities, Weirdness & Mutations

You have sharp toenails.
You sometimes gain a little power by taking damage.


Message History

Found a stone staircase leading down.
The gnoll misses you.
You hit the gnoll.
The gnoll is moderately wounded.
The gnoll misses you. The gnoll closely misses you.
You hit the gnoll. You claw the gnoll, but do no damage.
The gnoll is heavily wounded.
The gnoll closely misses you. The gnoll hits you with a spear.
You hit the gnoll.
The gnoll is almost dead.
The gnoll hits you with a spear!
The gnoll hits you from afar with a halberd!
You puncture the gnoll!
You kill the gnoll!
Your Fighting skill increases to level 3!
The gnoll throws a throwing net.
The throwing net closely misses you.
The gnoll hits you from afar with a halberd!
* * * LOW HITPOINT WARNING * * *
The gnoll misses you. The gnoll hits you with a halberd!
You die...

######### ##.###.##.####
......#########.## #.
.................# ..
.................## .#
..................#..#
.....[..........#.#..#
................#....#
......####.)...#ggg..#
......# #.....#@#.....#
......# #.....#.#g....#
......####.....#.#..g..#
....).+........#.#..gg.#
......#####.####.#.>.....
..........#.# .(+.....#.
#########.#.# .##....##
..........#.#[#.
####..........#.


You could see 3 gnolls.

Vanquished Creatures
  Ijyb (D:2)
  A gnoll (D:3)
  An adder (D:2)
  A worm (D:3)
  3 dart slugs
  A leopard gecko (D:1)
  2 orcs (D:3)
  4 giant cockroaches
  5 goblins
  5 hobgoblins
  A ball python (D:1)
  4 bats
  3 frilled lizards
  3 kobolds
  3 rats (D:1)
38 creatures vanquished.

Vanquished Creatures (others)
  A hobgoblin (D:2)
1 creature vanquished.

Grand Total: 39 creatures vanquished

Notes
Turn   | Place    | Note
-------+----------+-------------------------------------------
     0 | D:1      | Chifra the Demonspawn Gladiator began the quest for the Orb.
     0 | D:1      | Reached XP level 1. HP: 16/16 MP: 1/1
   250 | D:1      | Gained mutation: You have sharp toenails. [demonic ancestry]
   250 | D:1      | Reached XP level 2. HP: 20/22 MP: 2/2
   923 | D:2      | Found a white marble altar of Elyvilon.
   951 | D:2      | Noticed Robin
  1393 | D:2      | Gained mutation: You sometimes gain a little power by taking damage. [demonic ancestry]
  1393 | D:2      | Reached XP level 3. HP: 25/28 MP: 3/3
  1456 | D:2      | Found a sacrificial altar of Ru.
  1591 | D:2      | Noticed Ijyb
  1609 | D:2      | Killed Ijyb
  2028 | D:2      | Reached XP level 4. HP: 34/34 MP: 4/4
  2290 | D:3      | Found a shadowy altar of Dithmenos.
  2462 | D:3      | Found a hazy altar of Hepliaklqana.
  2584 | D:3      | Mangled by a gnoll

Skill      XL: |  1  2  3  4 |
---------------+-------------+-----
Dodging        | 3 |  3.6
Short Blades   | 3 |  3.4
Fighting       | 3 |  3.0
Throwing       | |  1.7

Action                   |  1- 3 |  4- 6 || total
-------------------------+-------+-------++-------
Melee: Rapier            |   103 |    44 ||   147
       Kick              |    23 |    11 ||    34
  Eat: Chunk             |     2 |     2 ||     4
       Pizza             |       |     1 ||     1
Armor: Leather armour    |    29 |    10 ||    39
Dodge: Dodged            |    71 |    33 ||   104
